 Dungeon Crawl Stone Soup version 0.32-a0-433-g08bcfe7efd (webtiles) character file.

Game seed: 10741880207592512084

15491 ezpacito the Trooper (level 12, -42/150 HPs)
             Began as a Demonspawn Chaos Knight on Feb 22, 2024.
             Was a Plaything of Xom.
             Annihilated by an enormous slime creature (96 damage)
             ... on level 10 of the Dungeon on Feb 23, 2024.
             The game lasted 00:18:24 (9148 turns).

ezpacito the Trooper (Demonspawn Chaos Knight)      Turns: 9148, Time: 00:18:25

Health: -42/150    AC: 26    Str: 20    XL:     12   Next: 1%
Magic:  20/20      EV:  2    Int: 11    God:    Xom [..*...]
Gold:   503        SH:  5    Dex: 14    Spells: 3/22 levels left

rFire   . . .        a - +4 hand axe (chaos)
rCold   . . .        (no shield)
rNeg    . . .        z - melded +1 chain mail of Generosity {Int+7}
rPois   +            (helmet currently unavailable)
rElec   .            o - melded scarf {repulsion}
rCorr   +            (gloves currently unavailable)
SInv    +            (boots unavailable)
Will    ++...        m - amulet of reflection
Stlth   +++          H - ring of willpower
HPRegen 0.45/turn    x - ring of resist corrosion
MPRegen 0.17/turn

%: reflection
@: mighty, tree-form
A: stationary, stasis, torment immunity, boosted hp, (hooves 3), foul stench 3,
(spiny 3), (sanguine armour 1), (beak), see invisible, strong-willed 1, passive
freeze, sense surroundings 1, (poison resistance), robust 1, strong 1
a: Renounce Religion


You were on level 10 of the Dungeon.
You worshipped Xom.
You were a toy of Xom.
You were a tree.
You visited 2 branches of the dungeon, and saw 11 of its levels.
You also visited: Bailey.

You collected 503 gold pieces.

Inventory:

Hand Weapons
 a - a +4 hand axe of chaos (weapon)
 h - the +10 quarterstaff "Puixzead" {speed, +Blink}
   (You took it off an orc priest on level 6 of the Dungeon)

   +Blink:    It lets you blink.
 J - a +9 spectral broad axe
 N - a +0 battleaxe
 T - the +8 mace "Nyrghearuy" {spect, *Slow Will- rCorr Int+8}
   (You found it in a bailey)

   Int+8:     It affects your intelligence (+8).
   Will-:     It decreases your willpower.
   rCorr:     It protects you from acid and corrosion.
   *Slow:     It may slow you when you take damage.
Missiles
 b - 12 poisoned darts
 n - 3 silver javelins (quivered)
 B - 6 atropa-tipped darts
 Q - 3 javelins
 R - 14 boomerangs
Armour
 d - the +0 leather armour of Moral Flaws {rCorr MP+9 Str+8 Int-5}
   (You found it on level 4 of the Dungeon)

   Str+8:     It affects your strength (+8).
   Int-5:     It affects your intelligence (-5).
   MP+9:      It affects your magic capacity (+9).
   rCorr:     It protects you from acid and corrosion.
 f - the orb "Titorr" {mayhem, rElec rC+ Str+6 Dex-3}
   (Xom gifted it to you on level 2 of the Dungeon)

   Str+6:     It affects your strength (+6).
   Dex-3:     It affects your dexterity (-3).
   rC+:       It protects you from cold.
   rElec:     It insulates you from electricity.
 o - a scarf of repulsion (melded)
 u - a +2 chain mail of poison resistance
 z - the +1 chain mail of Generosity (melded) {Int+7}
   (You found it on level 4 of the Dungeon)

   Int+7:     It affects your intelligence (+7).
 O - a +0 ring mail of willpower
Magical Staves
 k - a staff of cold
 A - a staff of earth
 E - the staff of Iconoclasm {rC- Str-4 Dex+9 Conj Necro}
   (You found it in a bailey)

   [staff of conjuration]

   Base accuracy: +5 Base damage: 5 Base attack delay: 1.2 This weapon's minimum
   attack delay (0.6) is reached at skill level 12.
   Str-4:     It affects your strength (-4).
   Dex+9:     It affects your dexterity (+9).
   rC-:       It makes you vulnerable to cold.
   Conj:      It increases the power of your Conjurations spells.
   Necro:     It increases the power of your Necromancy spells.
   It falls into the 'Staves' category.
   It is a one-handed weapon.
 K - a staff of death
Jewellery
 e - an amulet of the acrobat
 j - an amulet of regeneration
 l - a ring of see invisible
 m - an amulet of reflection (around neck)
 x - a ring of resist corrosion (right branch)
 y - a ring of fire
 H - a ring of willpower (left branch)
Talismans
 F - a blade talisman
Wands
 v - a wand of flame (23)
 I - a wand of paralysis (3)
 P - a wand of roots (9)
Scrolls
 c - a scroll of butterflies
 g - 4 scrolls of teleportation
 p - 4 scrolls of fog
 q - a scroll of noise
 s - 2 scrolls of amnesia
 t - 2 scrolls of revelation
 L - a scroll of immolation
Potions
 w - 2 potions of cancellation
 D - a potion of mutation


   Skills:
 * Level 7.3 Fighting
 * Level 6.6 Axes
 + Level 1.7 Staves
 + Level 1.5 Throwing
 * Level 6.1 Armour
 * Level 6.1 Dodging
 + Level 4.6 Stealth
 * Level 5.9 Unarmed Combat
 * Level 5.8 Spellcasting
 + Level 3.3 Conjurations
 + Level 3.2 Hexes
 * Level 6.6 Necromancy
 + Level 3.3 Alchemy
 * Level 5.5 Evocations
 - Level 1.6 Shapeshifting


You had 3 spell levels left.
You knew the following spells:

 Your Spells              Type           Power      Damage    Failure   Level
a - Curse of Agony        Necr           17%        N/A       34%         5
b - Mephitic Cloud        Conj/Alch/Air  8%         N/A       24%         3
c - Tukima's Dance        Hex            10%        N/A       16%         3
d - Dazzling Flash        Conj/Hex       20%        N/A       16%         3
e - Yara's Violent Unrav  Hex/Alch       5%         3d4       82%         5

Your spell library contained the following spells:

 Spells                   Type           Power      Damage    Failure   Level
 Fugue of the Fallen      Necr           17%        N/A       3%          3
 Ensorcelled Hibernation  Hex/Ice        12%        N/A       16%         2
 Inner Flame              Hex/Fire       6%         N/A       30%         3
 Anguish                  Hex/Necr       7%         N/A       26%         4
 Passage of Golubria      Tloc           3%         N/A       89%         4
 Vhi's Electric Charge    Tloc/Air       6%         N/A       89%         4
 Arcjolt                  Conj/Air       3%         1d13      95%         5
 Silence                  Hex/Air        3%         N/A       96%         5
 Plasma Beam              Fire/Air       1%         2x1d11    100%        6
 Maxwell's Capacitive Co  Air            1%         ∞         100%        8


Dungeon Overview and Level Annotations

Branches:
Dungeon (10/15)            Temple (1/1) D:5            Lair (0/5) D:9
    Orc (0/2) D:9          Bailey (visited)

Altars:
Ashenzari
Cheibriados
Dithmenos
Fedhas
Gozag
Hepliaklqana
Kikubaaqudgha
Makhleb
Nemelex Xobeh
Okawaru
Qazlal
Ru
Sif Muna
Trog
Uskayaw
Vehumet
Wu Jian
Xom
Yredelemnul

Shops:
D:10 [


Innate Abilities, Weirdness & Mutations

You are a tree.
Your roots penetrate the ground, keeping you stationary.
You cannot be teleported.
You are immune to unholy pain and torment.
Your maximum health is greatly increased.
Your equipment is partially melded.
((You have hooves in place of feet.))
You frequently emit foul miasma when damaged in melee.
((You are completely covered in sharp spines.))
((When seriously injured, your blood forms armour. (AC +0)))
((You have a beak for a mouth.))
You have supernaturally acute eyesight. (SInv)
You are strong-willed. (Will+)
A frigid envelope surrounds you and freezes all who hurt you.
You passively map a small area around you.
((Your system is resistant to poisons. (rPois)))
You are robust. (+10% HP)
Your muscles are strong. (Str +4, Int/Dex -1)


Message History

Your butterfly disappears in a burst of colours!
The very large slime creature hits your butterfly!
Your butterfly dies!
Your butterfly disappears in a burst of colours!
Your butterfly disappears in a burst of colours!
Two slime creatures merge to form an enormous slime creature.
Aiming: Paralyse
Press: ? - help, Shift-Dir - straight line, f - enormous slime creature
Aim: an enormous slime creature (moderately wounded, ally target, chance to affect: 45%)
The enormous slime creature resists with some effort.
You hear Xom's avuncular chuckle.
Your butterfly evaporates and reforms as a dart slug!
You are now a toy of Xom.
Your dart slug disappears in a burst of colours!
Your butterfly disappears in a burst of colours! x2
The enormous slime creature completely misses your butterfly.
The enormous slime creature barely misses your butterfly.
Your butterfly disappears in a burst of colours!
You hit the enormous slime creature.
The enormous slime creature flies into a frenzy!
The enormous slime creature is moderately wounded.
You block the enormous slime creature's attack.
You hit the enormous slime creature.
The enormous slime creature is moderately wounded.
Your butterfly disappears in a burst of colours!
The enormous slime creature misses your butterfly.
The enormous slime creature hits you!!
The enormous slime creature is very cold.
The enormous slime creature is moderately wounded.
You emit a cloud of foul miasma!
You completely miss the enormous slime creature.
The enormous slime creature is moderately wounded.
Your butterfly disappears in a burst of colours! x3
The enormous slime creature is engulfed in dark miasma.
The enormous slime creature is poisoned.
The enormous slime creature seems to slow down.
The enormous slime creature hits you!!!!
Ouch! That really hurt!
You die...
Xom guffaws!

....#....####...b.......#........
#........#....<.#..............<.
.........#.....#........##.......
#..............##.......#..b.....
..............∩###....b..†....#
.............#.####.....b.J...##
...............b.#............
............#.b..#.....b....##
.............♣Jb...b.........#
.................##.........##
..)....>..b......###.....####
.................# ..#...#
.....#<.........#...#..##
.....#.......#..#......# #..
...#.####..#......# ** #..##..#
##.. ...* * ........#


You could see a neutral enormous slime creature (fast, strong, frenzied,
distracted, poisoned, slow, ally target).

Vanquished Creatures
  A boulder beetle (Bailey)
  A two-headed ogre (D:9)
  A gargoyle (D:10)
  A komodo dragon (D:9)
  3 trolls
  3 slime creatures
  A yak (D:7)
  A wraith (D:9)
  2 vampire mosquitoes (D:10)
  An acid dragon (D:9)
  2 water moccasins
  8 orc warriors
  2 sky beasts
  4 ogres
  An ice beast (D:6)
  3 centaurs
  2 kobold brigands
  3 bullfrogs
  2 scorpions
  3 jellies (D:6)
  3 wights (D:7)
  6 bombardier beetles
  A howler monkey (D:9)
  A hound (D:5)
  5 orc priests
  A gnoll bouda (D:7)
  4 sleepcaps
  3 iguanas
  7 orc wizards
  9 adders
  12 gnolls
  2 white imps
  5 dart slugs
  4 ribbon worms
  32 orcs
  8 endoplasms
  2 giant cockroaches
  15 goblins
  5 hobgoblins
  A jackal (D:1)
  21 kobolds
  2 quokkas
  5 ball pythons
  4 bats (D:1)
  4 frilled lizards
  A kobold (shapeshifter) (D:1)
  4 rats
  A spectral orc (D:5)
213 creatures vanquished.

Vanquished Creatures (collateral kills)
  3 orcs
  A quokka (D:1)
  A rat (D:3)
5 creatures vanquished.

Grand Total: 218 creatures vanquished

Notes
Turn   | Place    | Note
-------+----------+-------------------------------------------
     0 | D:1      | ezpacito the Demonspawn Chaos Knight began the quest for
                  | the Orb.
     0 | D:1      | Reached XP level 1. HP: 18/18 MP: 1/1
    50 | D:1      | XOM: divination: magic mapping
   189 | D:1      | Reached skill level 1 in Dodging
   203 | D:1      | Gained mutation: You are partially covered in sharp spines.
                  | [demonic ancestry]
   203 | D:1      | Reached XP level 2. HP: 15/24 MP: 2/2
   390 | D:1      | Found a faded altar of an unknown god.
   643 | D:1      | a jackal changed into a glowing shapeshifter
   643 | D:1      | Noticed a glowing shapeshifter (glowing shapeshifter)
   643 | D:1      | XOM: polymorph jackal -> glowing shapeshifter
   643 | D:1      | a glowing shapeshifter changed into a bombardier beetle
   643 | D:1      | Noticed a bombardier beetle (glowing shapeshifter)
   644 | D:1      | a bombardier beetle changed into an orc
  1010 | D:2      | Reached XP level 3. HP: 29/29 MP: 3/3
  1405 | D:2      | XOM: divination: magic mapping
  1419 | D:2      | Reached skill level 1 in Unarmed Combat
  1419 | D:2      | Reached skill level 1 in Spellcasting
  1419 | D:2      | Gained mutation: You may rarely emit foul miasma when
                  | damaged in melee. [demonic ancestry]
  1419 | D:2      | Reached XP level 4. HP: 15/35 MP: 5/5
  1422 | D:2      | HP: 1/35 [burnt (3)]
  1488 | D:2      | Identified the orb "Titorr" {mayhem, rElec rC+ Str+6 Dex-3}
                  | (Xom gifted it to you on level 2 of the Dungeon)
  1488 | D:2      | XOM: god gift: orb "Titorr" {mayhem, rElec rC+ Str+6 Dex-3}
  1633 | D:2      | XOM: god gift: scroll labelled NIHEBE WAOKITS {god gift}
  1640 | D:2      | XOM: silly message
  1773 | D:2      | Reached skill level 1 in Stealth
  2117 | D:3      | XOM: 1-stop teleportation journey
  2127 | D:3      | Gained mutation: You are mostly covered in sharp spines.
                  | [demonic ancestry]
  2127 | D:3      | Reached XP level 5. HP: 41/41 MP: 7/7
  2150 | D:3      | Learned a level 5 spell: Curse of Agony
  2217 | D:3      | XOM: cast spell 'Animate Armour'
  2588 | D:4      | Got the Grimoire of Beguiled Heat
  2638 | D:4      | XOM: noise
  2847 | D:4      | XOM: noise
  2847 | D:4      | Noticed an ogre
  2856 | D:4      | Killed an ogre
  2857 | D:4      | Gained mutation: You have large cloven feet. [demonic
                  | ancestry]
  2857 | D:4      | Reached XP level 6. HP: 41/48 MP: 8/8
  3096 | D:4      | Identified the +0 leather armour of Moral Flaws {rCorr MP+9
                  | Str+8 Int-5}
  3163 | D:4      | Identified the +1 chain mail of Generosity {Int+7}
  3320 | D:4      | XOM: divination: detect creatures
  3372 | D:5      | Entered Level 5 of the Dungeon
  3525 | D:5      | XOM: silly message
  3539 | D:5      | Reached skill level 1 in Necromancy
  3611 | D:5      | Found a stormy altar of Qazlal.
  3618 | D:5      | Reached skill level 4 in Fighting
  3664 | D:5      | Reached skill level 1 in Evocations
  3664 | D:5      | Gained mutation: When seriously injured, your blood forms
                  | armour. (AC +0) [demonic ancestry]
  3664 | D:5      | Reached XP level 7. HP: 54/54 MP: 10/10
  3682 | D:5      | Found a staircase to the Ecumenical Temple.
  3780 | Temple   | Entered the Ecumenical Temple
  3896 | D:5      | XOM: fog
  4102 | D:5      | Found a hazy altar of Hepliaklqana.
  4511 | D:6      | XOM: silly message
  4515 | D:6      | XOM: noise
  4517 | D:6      | Gained mutation: You have hoof-like feet. [demonic
                  | ancestry]
  4517 | D:6      | Reached XP level 8. HP: 49/61 MP: 12/12
  4619 | D:6      | XOM: draining
  4637 | D:6      | Identified the +10 quarterstaff "Puixzead" {speed, +Blink}
  5131 | D:6      | XOM: summons 5 hostile demons
  5472 | D:7      | XOM: confuse monster(s)
  5477 | D:7      | Reached skill level 5 in Fighting
  5565 | D:7      | Learned a level 3 spell: Mephitic Cloud
  5569 | D:7      | Learned a level 3 spell: Tukima's Dance
  5587 | D:7      | XOM: summons friendly white imp
  5791 | D:7      | Gained mutation: You are completely covered in sharp
                  | spines. [demonic ancestry]
  5791 | D:7      | Reached XP level 9. HP: 61/68 MP: 14/14
  6227 | D:7      | XOM: give mutations
  6227 | D:7      | Gained mutation: You are strong-willed. (Will+) [Xom's
                  | grace]
  6227 | D:7      | Gained mutation: You have hooves in place of feet. [Xom's
                  | grace]
  6227 | D:7      | Gained mutation: You are robust. (+10% HP) [Xom's grace]
  6227 | D:7      | Gained mutation: You have supernaturally acute eyesight.
                  | (SInv) [Xom's grace]
  6273 | D:8      | Noticed Maurice
  6334 | D:8      | XOM: potion effect (experience)
  6334 | D:8      | Reached skill level 6 in Fighting
  6334 | D:8      | Reached skill level 5 in Axes
  6334 | D:8      | Reached skill level 5 in Armour
  6334 | D:8      | Reached skill level 5 in Dodging
  6334 | D:8      | Reached skill level 5 in Necromancy
  6334 | D:8      | Gained mutation: You sometimes emit foul miasma when
                  | damaged in melee. [demonic ancestry]
  6334 | D:8      | Reached XP level 10. HP: 84/84 MP: 14/17
  6343 | D:7      | Reached skill level 5 in Unarmed Combat
  6433 | D:8      | XOM: polymorph gnoll -> gnoll
  6441 | D:8      | Reached skill level 5 in Spellcasting
  6442 | D:8      | Maurice stole a staff of death
  6443 | D:8      | Maurice stole a ring of see invisible
  6603 | D:8      | Maurice changed into Maurice the yak
  6603 | D:8      | Noticed Maurice
  6603 | D:8      | XOM: polymorph Maurice -> Maurice the yak
  6611 | D:7      | Killed Maurice the yak
  6790 | D:8      | Learned a level 3 spell: Dazzling Flash
  6796 | D:8      | Learned a level 5 spell: Yara's Violent Unravelling
  6870 | D:8      | XOM: 2-stop teleportation journey
  7103 | D:9      | Found a flagged portal.
  7120 | Bailey   | Entered a bailey
  7151 | Bailey   | Noticed an orc warlord
  7269 | Bailey   | XOM: god gift: book of Dreams
  7326 | Bailey   | Found a runed translucent gate.
  7342 | Bailey   | Found a runed translucent gate.
  7344 | Bailey   | Found a runed translucent gate.
  7393 | Bailey   | XOM: give mutations
  7393 | Bailey   | Gained mutation: You have a beak for a mouth. [Xom's grace]
  7489 | Bailey   | XOM: give mutation
  7489 | Bailey   | Gained mutation: You passively map a small area around you.
                  | [Xom's grace]
  7510 | Bailey   | XOM: scenery: 3 doors close
  7517 | Bailey   | an orc warlord changed into a boulder beetle
  7517 | Bailey   | Noticed a boulder beetle
  7517 | Bailey   | XOM: polymorph orc warlord -> boulder beetle
  7526 | Bailey   | Killed a boulder beetle
  7536 | Bailey   | Identified the +8 mace "Nyrghearuy" {spect, *Slow Will-
                  | rCorr Int+8}
  7559 | Bailey   | Reached skill level 7 in Fighting
  7559 | Bailey   | Reached skill level 1 in Staves
  7559 | Bailey   | Reached skill level 1 in Throwing
  7559 | Bailey   | Reached skill level 5 in Evocations
  7559 | Bailey   | Reached skill level 1 in Shapeshifting
  7559 | Bailey   | Mutation became permanent: You have hoof-like feet.
                  | [demonic ancestry]
  7559 | Bailey   | Gained mutation: You have hooves in place of feet. [demonic
                  | ancestry]
  7559 | Bailey   | Reached XP level 11. HP: 76/92 MP: 17/19
  7609 | Bailey   | Identified the staff of Iconoclasm {rC- Str-4 Dex+9 Conj
                  | Necro}
  7765 | D:9      | Noticed a two-headed ogre
  7767 | D:9      | XOM: butterfly on damage
  7777 | D:9      | Killed a two-headed ogre
  7987 | D:9      | Found a staircase to the Orcish Mines.
  7995 | D:9      | XOM: give mutations
  7995 | D:9      | Gained mutation: A frigid envelope surrounds you and
                  | freezes all who hurt you. [Xom's grace]
  7995 | D:9      | Gained mutation: Your system is resistant to poisons.
                  | (rPois) [Xom's grace]
  7995 | D:9      | Gained mutation: Your muscles are strong. (Str +4, Int/Dex
                  | -1) [Xom's grace]
  8181 | D:9      | Found a staircase to the Lair.
  8324 | D:9      | XOM: scenery: create altars
  8455 | D:9      | XOM: confuse monster(s)
  8569 | D:9      | XOM: potion effect (brilliance)
  8581 | D:9      | XOM: cast spell 'Dispersal'
  8991 | D:10     | Entered Level 10 of the Dungeon
  8992 | D:10     | Found Cytuaps's Armour Shop.
  9070 | D:10     | XOM: silly message
  9103 | D:10     | XOM: 1-stop teleportation journey
  9111 | D:10     | XOM: enchant monster (good)
  9115 | D:10     | Gained mutation: You frequently emit foul miasma when
                  | damaged in melee. [demonic ancestry]
  9115 | D:10     | Reached XP level 12. HP: 63/100 MP: 20/20
  9115 | D:10     | XOM: enchant monster (good)
  9133 | D:10     | XOM: divination: detect creatures
  9140 | D:10     | XOM: polymorph butterfly -> dart slug
  9148 | D:10     | Annihilated by an enormous slime creature

Illustrated notes

Levels and vault maps discovered:
D:1:      dpeg_arrival_tiny_k, layout_basic, dilly_ecumenical_altar_fadedgnrine,
          minmay_misc_feat_columns
D:2:      layout_basic, grunt_ministairs_13
D:3:      minmay_bubble_buster, layout_rooms
D:4:      layout_cave_pods, serial_glass, glass_columns_b, glass_columns_a
D:5:      layout_loops_ring, nicolae_qazlal_general_emergency,
          nicolae_hepliaklqana_monster_ancestors,
          minmay_temple_entry_gardened_gates, serial_library_hellmonk_open_cross
D:6:      layout_gridville, minmay_splitting_lines
D:7:      layout_rooms
D:8:      layout_rooms, uniq_maurice
D:9:      layout_loops_ring, david_lair_shrubbed,
          kennysheep_orc_monster_closet_entryway, enter_bailey_3
D:10:     layout_cave_pools, serial_shops, shop, hex_large, uniq_sonja,
          uniq_erica
Temple:   mainiacjoe_temple_big_plus

Skill      XL: |  1  2  3  4  5  6  7  8  9 10 11 |
---------------+----------------------------------+-----
Dodging        | 1 2 3 5 6 |  6.1
Armour         | 2 3 4 5 6 |  6.1
Axes           | 3 4 5 6 |  6.6
Unarmed Combat | 1 2 3 4 5 |  5.9
Spellcasting   | 1 2 3 4 5 |  5.8
Stealth        | 1 2 3 4 |  4.6
Necromancy     | 1 2 3 5 6 |  6.6
Fighting       | 4 5 6 7 |  7.3
Evocations     | 1 2 4 5 |  5.5
Conjurations   | 2 3 |  3.3
Hexes          | 2 3 |  3.2
Alchemy        | 2 3 |  3.3
Staves         | 1 |  1.7
Throwing       | 1 |  1.5
Shapeshifting  | 1 |  1.6

Action                     |  1- 3 |  4- 6 |  7- 9 | 10-12 || total
---------------------------+-------+-------+-------+-------++-------
  Melee: Hand axe          |    77 |    96 |   155 |   157 ||   485
         Kick              |       |     2 |     2 |    61 ||    65
         Peck              |       |       |       |    23 ||    23
  Evoke: Wand              |       |       |       |     1 ||     1
    Use: Potion            |       |     5 |     2 |    17 ||    24
         Scroll            |       |     6 |     8 |    13 ||    27
   Stab: Confused          |       |     2 |     4 |       ||     6
         Invisible         |       |     1 |       |     4 ||     5
         Petrifying        |       |     1 |       |       ||     1
         Petrified         |       |     1 |       |       ||     1
         Paralysed         |       |       |     1 |       ||     1
 Armour: Leather armour    |    29 |     6 |       |       ||    35
         Chain mail        |       |    34 |   112 |   143 ||   289
         Skin              |       |       |       |     2 ||     2
  Dodge: Dodged            |    40 |    35 |    65 |    86 ||   226
         Repelled          |     3 |     2 |     1 |       ||     6
  Block: Other             |       |       |    26 |    45 ||    71
         Reflection        |       |       |     1 |     6 ||     7

Table legend: (Time is in decaauts)
 A = Elapsed time spent in this place.
 B = Non-inter-level travel time spent in this place.
 C = Inter-level travel time spent in this place.
 D = Time resting spent in this place.
 E = Time spent auto-exploring this place.
 F = Levels seen in this place.
 G = Mean time per level.
                   A        B        C        D        E       F      G
               +--------+--------+--------+--------+--------+-----+--------+
         Total |   9140 |   8655 |    485 |    285 |   6723 |  12 |  761.7 |
       Dungeon |   8642 |   8157 |    485 |    285 |   6393 |  10 |  864.2 |
        Temple |      1 |      1 |      0 |      0 |      0 |   1 |    1.0 |
        Bailey |    496 |    496 |      0 |      0 |    329 |   1 |  496.0 |
               +--------+--------+--------+--------+--------+-----+--------+

Top non-repeatable levels by time:
     D:9: 1427 daAuts
     D:6: 1339 daAuts
     D:7: 1104 daAuts
     D:1: 1014 daAuts
     D:2: 868 daAuts
     D:4: 863 daAuts
     D:5: 768 daAuts
     D:3: 610 daAuts
  Bailey: 496 daAuts
     D:8: 490 daAuts
    D:10: 156 daAuts
  Temple: 1 daAuts
